 Dungeon Crawl Stone Soup version 0.28-a0-628-g3c9886e45e (webtiles) character file.

Game seed: 354785696838536116

226 kae the Ruffian (level 5, -3/40 (42) HPs)
             Began as a Draconian Transmuter on Oct 8, 2021.
             Slain by Crazy Yiuf (9 damage)
             ... on level 2 of the Dungeon.
             The game lasted 00:01:08 (2198 turns).

kae the Ruffian (Draconian Transmuter)              Turns: 2198, Time: 00:01:08

HP:   -3/40 (42)    AC:  2    Str: 13    XL:     5   Next: 69%
MP:   5/8           EV: 19    Int: 14    God:
Gold: 66            SH:  0    Dex: 16    Spells: 4/8 levels left

rFire   . . .      SeeInvis .     - Unarmed
rCold   . . .      Faith    .   (shield currently unavailable)
rNeg    . . .      Spirit   .   (armour unavailable)
rPois   x          Reflect  .   (helmet currently unavailable)
rElec   .          Harm     .   (cloak currently unavailable)
rCorr   .          Rampage  .   (gloves currently unavailable)
Will    .....                   (boots currently unavailable)
Stlth   +.........              (no amulet)
HPRegen 0.13/turn               (no ring)
MPRegen 0.11/turn               (no ring)

@: spider-form (expiring), lightly drained
A: venomous fangs, AC +5, tiny, unfitting armour, (cold-blooded)
a: End Transformation


You were on level 2 of the Dungeon.
You were a venomous arachnid creature.
You visited 1 branch of the dungeon, and saw 2 of its levels.

You collected 66 gold pieces.

Inventory:

Jewellery
 b - a ring of resist corrosion
Scrolls
 d - a scroll of enchant weapon
 f - a scroll of teleportation {unknown}
 g - a scroll of amnesia {unknown}
Potions
 a - a potion of degeneration {unknown}
 c - a potion of curing {unknown}
 e - a potion of flight {unknown}


   Skills:
 + Level 2.7 Fighting
 - Level 1.7 Dodging
 * Level 4.9 Unarmed Combat
 - Level 2.0 Spellcasting
 + Level 3.1 Transmutations
 - Level 2.0 Poison Magic


You had 4 spell levels left.
You knew the following spells:

 Your Spells              Type           Power      Damage    Failure   Level
a - Beastly Appendage     Tmut           20%        N/A       19%         1
b - Spider Form           Tmut/Pois      4%         N/A       47%         3

Your spell library contained the following spells:

 Spells                   Type           Power      Damage    Failure   Level
 Wereblood                Tmut           10%        N/A       24%         2
 Summon Guardian Golem    Hex/Summ       1%         N/A       77%         3
 Ice Form                 Ice/Tmut       5%         N/A       90%         4
 Orb of Destruction       Conj           0%         N/A       100%        7
 Spellforged Servitor     Conj/Summ      0%         N/A       100%        7


Dungeon Overview and Level Annotations

Branches:
Dungeon (2/15)

Altars:

Shops:
D:2 (

Annotations:
D:2 Crazy Yiuf


Innate Abilities, Weirdness & Mutations

You are a venomous arachnid creature.
You have poisonous fangs.
You are tiny and dextrous.
Your spellcasting is less reliable in this form.
Your armour is entirely melded.
You are incapable of wielding weapons or throwing items.
((Your plain brown scales are hard. (AC +5)))
You cannot fit into any form of body armour.
((You are cold-blooded and may be slowed by cold attacks.))


Message History

You start resting.
Crazy Yiuf laughs, "Action blue down!"
Crazy Yiuf sings, "Trees, trees, trees, circus!"
Crazy Yiuf grits, "Goober!"
Your magical contamination has completely faded away.
You start resting.
Crazy Yiuf laughs, "Island tired mobile!"
Crazy Yiuf twirls on the spot.
Crazy Yiuf yells, "Citrus arga hog!"
Magic restored.
Crazy Yiuf laughs, "Hack!
Snoogle return to song sallow."
HP restored.
Casting: Spider Form (quite dangerous; 26% risk of failure)
Confirm with . or Enter, or press ? or * to list all spells.
The spell is quite dangerous to cast (26% risk of failure)!
Continue anyway? [Y]es or [N]o only, please.
The spell is quite dangerous to cast (26% risk of failure)!
Continue anyway?
You turn into a venomous arachnid creature.
Crazy Yiuf says, "Crazy?
Crazy!?
PORCUPINE!"
You open the door. You barely miss Crazy Yiuf.
Crazy Yiuf grits, "Buddy!
You bush senile."
Crazy Yiuf barely misses you.
You barely miss Crazy Yiuf.
Crazy Yiuf hits you with a +3 quarterstaff of chaos.
You hit Crazy Yiuf but do no damage.
Crazy Yiuf hits you with a +3 quarterstaff of chaos!
You completely miss Crazy Yiuf. Crazy Yiuf completely misses you.
You barely miss Crazy Yiuf.
Your transformation is almost over.
You hit Crazy Yiuf.
Crazy Yiuf is lightly wounded.
Crazy Yiuf says, "Crazy?
Crazy!?
PORCUPINE!"
Crazy Yiuf completely misses you.
You hit Crazy Yiuf.
Crazy Yiuf is poisoned.
Crazy Yiuf is moderately wounded.
Crazy Yiuf hits you with a +3 quarterstaff of chaos!!
* * * LOW HITPOINT WARNING * * *
You feel drained.
You die...

#.##.###.# #
#........###
#....######.
##### #....#
## #..)#
#....###
#...#
#......# ...
#......# #g#
#......#####
♣♣s♣
#...........
♣.♣♣
#......#####
♣♣.♣
#......#
♣.♣♣
#......#
♣♣.♣♣
#......#
♣...♣♣
#.######
♣....♣ #.#
#....# #.#
#....####.#


You could see Crazy Yiuf (very poisoned).

Vanquished Creatures
  Sigmund (D:2)
  3 adders
  A worm (D:2)
  2 dart slugs
  A ball python (D:1)
  4 endoplasms
  A giant cockroach (D:2)
  3 goblins
  3 hobgoblins
  3 kobolds (D:1)
  A quokka (D:1)
  4 bats
  7 frilled lizards
  A rat (D:1)
35 creatures vanquished.

Notes
Turn   | Place    | Note
-------+----------+-------------------------------------------
     0 | D:1      | kae the Draconian Transmuter began the quest for the Orb.
     0 | D:1      | Reached XP level 1. HP: 16/16 MP: 3/3
   290 | D:1      | Reached XP level 2. HP: 20/23 MP: 3/5
  1113 | D:1      | Reached XP level 3. HP: 8/29 MP: 4/6
  1380 | D:1      | Learned a level 3 spell: Spider Form
  1504 | D:2      | Found Betyz's Antique Weapon Shoppe.
  1611 | D:2      | Reached skill level 1 in Poison Magic
  1793 | D:2      | Noticed Sigmund
  1809 | D:2      | Killed Sigmund
  1810 | D:2      | Reached skill level 4 in Unarmed Combat
  1810 | D:2      | Reached XP level 4. HP: 22/37 MP: 4/7
  1810 | D:2      | Reached XP level 5. HP: 25/42 MP: 4/8
  1973 | D:2      | Found a runed translucent door.
  1974 | D:2      | Noticed Crazy Yiuf
  2198 | D:2      | Slain by Crazy Yiuf

Illustrated notes

Levels and vault maps discovered:
D:1:      dpeg_arrival_water_temple_mockup, layout_basic
D:2:      layout_rooms, serial_shops, nicolae_shop_competitors_out_of_business,
          minmay_tetromino_s4, uniq_sigmund, uniq_crazy_yiuf_cottage

Skill      XL: |  1  2  3 |
---------------+----------+-----
Fighting       | 2 |  2.7
Poison Magic   | 2 |  2.0
Unarmed Combat | 4 |  4.9
Transmutations | 3 |  3.1
Dodging        | |  1.7
Spellcasting   | |  2.0

Action                   |  1- 3 |  4- 6 || total
-------------------------+-------+-------++-------
Melee: Unarmed           |    89 |    11 ||   100
       Kick              |     8 |       ||     8
       Headbutt          |     6 |       ||     6
       Tailslap          |     4 |     1 ||     5
 Cast: Beastly Appendage |    19 |     1 ||    20
       Spider Form       |     2 |     1 ||     3
  Use: Scroll            |     2 |       ||     2
 Stab: Sleeping          |     1 |       ||     1
Armor: Skin              |    22 |     1 ||    23
Dodge: Dodged            |    54 |     6 ||    60

Table legend: (Time is in decaauts)
 A = Elapsed time spent in this place.
 B = Non-inter-level travel time spent in this place.
 C = Inter-level travel time spent in this place.
 D = Time resting spent in this place.
 E = Time spent auto-exploring this place.
 F = Levels seen in this place.
 G = Mean time per level.
                   A        B        C        D        E       F      G
               +--------+--------+--------+--------+--------+-----+--------+
         Total |   2192 |   2165 |     27 |    310 |   1578 |   2 | 1096.0 |
       Dungeon |   2192 |   2165 |     27 |    310 |   1578 |   2 | 1096.0 |
               +--------+--------+--------+--------+--------+-----+--------+

Top non-repeatable levels by time:
     D:1: 1348 daAuts
     D:2: 843 daAuts
